 Dungeon Crawl Stone Soup version 0.27.1-33-g824d729ab1 (webtiles) character file.

Game seed: 11287020304569571175

84 austinbyrn the Shield-Bearer (level 4, -2/29 HPs)
             Began as a Gargoyle Fighter on Dec 14, 2021.
             Killed from afar by a white imp (8 damage)
             ... with a puff of frost
             ... summoned by Natasha
             ... on level 2 of the Dungeon.
             The game lasted 00:02:56 (1787 turns).

austinbyrn the Shield-Bearer (Gargoyle Fighter)     Turns: 1787, Time: 00:02:56

Health: -2/29      AC: 10    Str: 18 (20) XL:     4   Next: 45%
Magic:  4/4        EV:  7    Int:  7 (9)  God:
Gold:   102        SH: 10    Dex:  7 (9)  Spells: 3/3 levels left

rFire    . . .     SeeInvis +   a - +0 flail
rCold    . . .     Faith    .   c - +1 kite shield
rNeg     + . .     Spirit   .   b - +0 scale mail
rPois    ∞         Reflect  .   (no helmet)
rElec    +         Harm     .   (no cloak)
rCorr    .         Rampage  .   (no gloves)
Will     .....                  (no boots)
Stlth    ..........             (no amulet)
HPRegen  0.09/turn              f - ring of see invisible
MPRegen  0.09/turn              (no ring)

@: slowed, very slow
A: sickness immunity, AC +3, negative energy resistance 1, electricity
resistance, torment resistance 1, petrification resistance
a: no special abilities


You were on level 2 of the Dungeon.
You visited 1 branch of the dungeon, and saw 2 of its levels.

You collected 102 gold pieces.

Inventory:

Hand Weapons
 a - a +0 flail (weapon)
Missiles
 e - 11 poisoned darts (quivered)
Armour
 b - a +0 scale mail (worn)
 c - a +1 kite shield (worn)
Jewellery
 f - a ring of see invisible (left hand)
Scrolls
 h - a scroll of teleportation


   Skills:
 + Level 3.8 Fighting
 * Level 3.2 Maces & Flails
 - Level 3.2 Armour
 * Level 4.3 Shields


You had 3 spell levels left.
You didn't know any spells.
Your spell library contained the following spells:

 Spells                   Type           Power      Damage    Failure   Level
 Summon Small Mammal      Summ           0%         N/A       99%         1
 Call Canine Familiar     Summ           0%         N/A       100%        3
 Summon Guardian Golem    Hex/Summ       0%         N/A       100%        3


Dungeon Overview and Level Annotations

Branches:
Dungeon (2/15)

Altars:

Annotations:
D:2 Natasha


Innate Abilities, Weirdness & Mutations

You are immune to sickness and miasma.
Your stone body is resilient. (AC +3)
You are immune to poison.
You resist negative energy. (rN+)
You are resistant to electric shocks. (rElec)
You are resistant to unholy torment.
You are immune to petrification.


Message History

You feel better. You block the shadow imp's attack. You block Natasha's attack.
The white imp hits you but does no damage.
The shadow imp hits you but does no damage.
The iron imp shouts, "Return whence thou came, thou fobbing fool-born baggage!"
The iron imp hits you but does no damage.
You closely miss Natasha. You block the white imp's attack.
You block Natasha's attack. You block the shadow imp's attack.
The iron imp barely misses you. The white imp barely misses you.
Natasha barely misses you. The shadow imp hits you. The iron imp hits you.
Natasha claws you but does no damage.
The white imp hits you but does no damage.
You hit Natasha.
Natasha is lightly wounded.
A ball python comes into view.
The shadow imp hits you but does no damage.
Natasha claws you. The white imp hits you. The white imp freezes you.
* * * LOW HITPOINT WARNING * * *
You block the shadow imp's attack. The iron imp closely misses you.
You block Natasha's attack. The white imp hits you.
* * * LOW HITPOINT WARNING * * *
The white imp freezes you.
* * * LOW HITPOINT WARNING * * *
The ball python moves out of view.
You feel better.
The shadow imp hits you but does no damage.
You block the iron imp's attack.
Natasha extends her claws.
Natasha casts a spell at you. The magic dart hits you.
* * * LOW HITPOINT WARNING * * *
The white imp hits you but does no damage.
The shadow imp hits you.
* * * LOW HITPOINT WARNING * * *
The iron imp hits you but does no damage.
It was a potion of degeneration.
There was something very wrong with that liquid.
You feel weakened.
You feel dopey.
You feel clumsy. The white imp gestures at you. The puff of frost hits you!
You die...

#.........# #.#..≈†####
##...≈.≈#≈# # #
##.....≈≈≈≈≈≈
###.####.....≈≈≈≈≈≈#
..........≈.≈≈≈≈≈###
####.##.##..≈.≈≈≈≈≈≈###
#.<......5..≈≈≈≈≈≈≈≈..##
#.##.##.5@...≈≈≈P≈≈≈...#
#. ##.h5.≈≈≈≈≈≈P...#.# #
..
......P≈.≈≈≈≈.≈..##.###
##.
#[##...≈≈≈≈≈≈≈..###....
#. # #..≈P≈≈≈≈≈P..#
###.# #. ...≈≈≈≈≈≈≈≈..#
#<# ## ##..≈≈≈≈≈≈P...#
#.# ...≈≈≈≈≈≈....#####.#
≈≈≈≈...........


You could see an iron imp (summoned), Natasha, a white imp (summoned) and a
shadow imp (summoned).

Vanquished Creatures
  Natasha (D:2)
  An adder (D:2)
  2 dart slugs (D:1)
  7 ball pythons
  3 bats
  4 endoplasms (D:1)
  A giant cockroach (D:2)
  6 goblins
  2 jackals (D:2)
  6 kobolds
  3 quokkas
  A frilled lizard (D:2)
  5 rats
42 creatures vanquished.

Vanquished Creatures (others)
  2 plants (D:2)
2 creatures vanquished.

Grand Total: 44 creatures vanquished

Notes
Turn   | Place    | Note
-------+----------+-------------------------------------------
     0 | D:1      | austinbyrn the Gargoyle Fighter began the quest for the
                  | Orb.
     0 | D:1      | Reached XP level 1. HP: 14/14 MP: 1/1
   249 | D:1      | Reached XP level 2. HP: 12/19 MP: 2/2
   790 | D:1      | Reached XP level 3. HP: 23/23 MP: 3/3
  1297 | D:2      | Noticed Natasha
  1304 | D:2      | Killed Natasha
  1305 | D:2      | Reached skill level 4 in Shields
  1305 | D:2      | Reached XP level 4. HP: 26/29 MP: 4/4
  1774 | D:2      | Noticed Natasha
  1787 | D:2      | Killed from afar by a white imp

Illustrated notes

Levels and vault maps discovered:
D:1:      saegor_arrival_simple_b, layout_basic, minmay_pentomino_x4
D:2:      layout_loops_cross, shapermc_ecumenical_altar_mp_highgroup,
          chequers_big_river, minmay_three_crescents, uniq_natasha

Skill      XL: |  1  2  3 |
---------------+----------+-----
Maces & Flails | 3 |  3.2
Shields        | 4 |  4.3
Fighting       | |  3.8
Armour         | |  3.2

Action                   |  1- 3 |  4- 6 || total
-------------------------+-------+-------++-------
Melee: Flail             |    76 |    57 ||   133
  Use: Potion            |     1 |     3 ||     4
       Scroll            |       |     6 ||     6
Armor: Scale mail        |    43 |    51 ||    94
Dodge: Dodged            |    27 |    37 ||    64
Block: Kite shield       |    48 |    70 ||   118
